 Dungeon Crawl Stone Soup version 0.17.0-18-gaab0e96 (webtiles) character file.

9464 TruthSerum the Bludgeoner (level 11, -1/196 HPs)
             Began as an Ogre Berserker on Nov 11, 2015.
             Was a High Priest of Trog.
             Slain by a vampire mosquito (8 damage)
             ... on level 2 of the Lair of Beasts on Nov 12, 2015.
             The game lasted 00:46:22 (10252 turns).

TruthSerum the Bludgeoner (Ogre Berserker)         Turns: 10252, Time: 00:46:22

Health: -1/196     AC:  8    Str: 29      XL:     11   Next: 46%
Magic:  9/9        EV: 11    Int:  3 (4)  God:    Trog [*****.]
Gold:   504        SH:  0    Dex: 11 (12) Spells: 0 memorised, 10 levels left

rFire  . . .     SeeInvis .     a - +3 giant spiked club
rCold  . . .     Clarity  .     b - +2 animal skin
rNeg   . . .     SustAt   .     (shield currently unavailable)
rPois  .         Gourm    .     (helmet restricted)
rElec  .         Spirit   .     m - +2 cloak
rCorr  .         Warding  .     (gloves unavailable)
rMut   .         Stasis   .     (boots unavailable)
MR     ++...                    (no amulet)
Stlth  ..........               (no ring)
                                B - ring of stealth

@: berserking, lethally poisoned (-1 -> -2), very quick, very resistant to
hostile enchantments, extremely unstealthy
A: unfitting armour, blurry vision 1, deterioration 1, dopey 1, low mp 1, magic
resistance 1, spit poison 1, tough skin 1
a: Spit Poison, Berserk, Trog's Hand, Brothers in Arms, Burn Spellbooks,
Renounce Religion


You were on level 2 of the Lair of Beasts.
You worshipped Trog.
Trog was extremely pleased with you.
You were hungry.

You visited 2 branches of the dungeon, and saw 12 of its levels.
You also visited: Sewer and Ossuary.

You collected 504 gold pieces.

Inventory:

Hand Weapons
 a - a +3 giant spiked club (weapon)
Armour
 b - a +2 animal skin (worn)
 m - a +2 cloak (worn)
Jewellery
 B - a ring of stealth (left hand)
Wands
 q - a wand of lightning (1)
 y - a wand of paralysis (8)
 C - a wand of enslavement (14)
Scrolls
 e - 6 scrolls of remove curse
 k - 4 scrolls of fear
 n - 2 scrolls of noise
 w - 8 scrolls of teleportation
Potions
 d - a potion of berserk rage
 g - 3 potions of might
 h - 2 potions of ambrosia
 j - a potion of brilliance
 o - 2 potions of haste
 p - 2 potions of flight
 r - 3 potions of lignification
 s - 3 potions of agility
 u - 8 potions of curing
 v - a potion of resistance
Comestibles
 c - 8 bread rations
 f - a fruit
 i - 5 meat rations
 l - 3 beef jerkies
 z - a royal jelly
 A - 10 slices of pizza


   Skills:
 + Level 14.9 Fighting
 + Level 15.0 Maces & Flails
 + Level 3.1 Throwing
 + Level 2.6 Armour
 + Level 4.0 Dodging


You had 10 spell levels left.
You didn't know any spells.

Dungeon Overview and Level Annotations

Branches:
Dungeon (9/15)             Temple (0/1) D:4            Lair (3/8) D:8
  Swamp (0/4) Lair:3
  Snake: Lair:3-6    Spider: Lair:3-6       Orc: D:9-12

Altars:
Okawaru

Shops:
D:8 ([


Innate Abilities, Weirdness & Mutations

You are too large for most types of armour.
You have tough skin (AC +1).
Scrolls take you a little longer to read.
Your body sometimes deteriorates upon taking damage.
You are dopey. (Int -2)
Your magical capacity is low (-10% MP).
You are resistant to hostile enchantments.
You can spit weak poison.


Message History

The bolt of electricity hits you!
* * * LOW HITPOINT WARNING * * *
The spiny frog stings you!
* * * LOW HITPOINT WARNING * * *
The vampire mosquito buzzes angrily.
The vampire mosquito bites you but does no damage.
You hear an angry buzzing noise.
You climb upwards.
You feel sick.
There is a stone staircase leading down here.
A red film seems to cover your vision as you go berserk!
You feel yourself moving faster!
You feel mighty!
You are feeling hungry.
You feel sick.
The komodo dragon hisses angrily.
The vampire mosquito bites you.
* * * LOW HITPOINT WARNING * * *
The spiny frog stings you!
* * * LOW HITPOINT WARNING * * *
The vampire mosquito bites you!
You die...

##...........##......####........
.............###.....####........
.#.#...........#.....##....##....
####............#................
#.............................
##.###....P..P.###.....#....P#
####P.#........##..###......#
#..#.....................#
###......F@...............#
#.....#..y.............####
#....##...l..#........## ##
##........#...#...#...## ##.
##.##.....[.......##....###.<
##...P..............#.....#...
#......#..P.#.............P...
#........##.................#.
####.....[#.#......P#............


You could see a komodo dragon, a spiny frog and a vampire mosquito.

Vanquished Creatures
  A hydra (Lair:1)
  Pikel (D:6)
  3 spiny frogs
  A black mamba (Lair:2)
  The ghost of gw the Cudgeler, a novice NaFi (D:5)
  2 komodo dragons (Lair:2)
  A fire drake (Lair:2)
  5 blink frogs (Lair:1)
  5 yaks
  A human (D:8)
  A hungry ghost (D:7)
  2 hippogriffs
  A mottled dragon (D:8)
  3 water moccasins
  An orc warrior (D:6)
  2 porcupines
  A sky beast (D:8)
  A black bear (Lair:1)
  2 ogres
  2 phantoms (D:6)
  The ghost of Akrius the Vandal, an amateur HaHu of Cheibriados (Sewer)
  2 big kobolds
  3 crocodiles (D:8)
  3 giant frogs (Lair:1)
  A centaur (D:8)
  A water moccasin zombie (Ossuary)
  A wyvern zombie (D:7)
  4 scorpions
  7 wights
  3 jellies
  4 hounds
  4 orc wizards
  A giant frog zombie (D:8)
  2 centaur skeletons (D:4)
  Crazy Yiuf (D:6)
  2 orc priests (D:3)
  2 giant frog skeletons (D:7)
  Jessica (D:2)
  2 worker ants (D:4)
  6 iguanas
  7 hell rats (Lair:1)
  2 sheep (D:8)
  2 big kobold zombies (Ossuary)
  2 mummies (Ossuary)
  13 river rats
  2 shadow imps
  3 adders
  An ooze (D:3)
  3 adder skeletons
  6 adder zombies (Ossuary)
  A worm (D:2)
  8 orcs
  7 bats
  6 giant cockroaches
  6 gnoll zombies (Ossuary)
  6 goblins
  5 hobgoblins
  5 quokkas
  2 ball pythons
  8 giant geckos
  2 giant newts
  A goblin zombie (D:4)
  6 hobgoblin zombies (Ossuary)
  6 jackals
  9 kobolds
  6 kobold zombies (Ossuary)
  3 orc zombies (Ossuary)
  A quokka skeleton (D:5)
  A quokka zombie (D:4)
  24 rats
  A fungus (Lair:1)
243 creatures vanquished.

Vanquished Creatures (others)
  A slave (D:6)
  A scorpion (D:6)
2 creatures vanquished.

Grand Total: 245 creatures vanquished

Notes
Turn   | Place    | Note
--------------------------------------------------------------
     0 | D:1      | TruthSerum the Ogre Berserker began the quest for the Orb.
     0 | D:1      | Reached XP level 1. HP: 24/24 MP: 1/1
    92 | D:1      | Reached XP level 2. HP: 20/33 MP: 2/2
   664 | D:1      | Reached skill level 5 in Maces & Flails
   682 | D:2      | Reached XP level 3. HP: 37/40 MP: 3/3
   683 | D:2      | Reached ** piety under Trog
  1085 | D:2      | Noticed Jessica
  1097 | D:2      | Killed Jessica
  1097 | D:2      | Reached skill level 5 in Fighting
  1097 | D:2      | Reached XP level 4. HP: 39/50 MP: 4/4
  2315 | D:4      | Reached skill level 6 in Maces & Flails
  2315 | D:4      | Reached XP level 5. HP: 32/59 MP: 5/5
  2355 | D:4      | Noticed an ogre
  2360 | D:4      | Killed an ogre
  2372 | D:4      | Reached XP level 6. HP: 11/68 MP: 6/6
  2413 | D:3      | Reached skill level 7 in Maces & Flails
  2876 | D:4      | Found a sand-covered staircase.
  2885 | Ossuary  | Entered an ossuary
  3153 | Ossuary  | Reached XP level 7. HP: 62/78 MP: 7/7
  3383 | D:4      | Reached skill level 8 in Maces & Flails
  3888 | D:4      | Found a staircase to the Ecumenical Temple.
  3975 | D:5      | Entered Level 5 of the Dungeon
  3998 | D:5      | Noticed gw's ghost (novice NaFi)
  4008 | D:5      | Killed gw's ghost
  4008 | D:5      | Reached skill level 9 in Fighting
  4008 | D:5      | Reached XP level 8. HP: 92/92 MP: 8/8
  4080 | D:5      | Found a glowing drain.
  4084 | Sewer    | Entered a sewer
  4097 | Sewer    | Reached *** piety under Trog
  4276 | Sewer    | Noticed Akrius's ghost (amateur HaHu)
  4295 | Sewer    | Killed Akrius's ghost
  4497 | Sewer    | Found a white marble altar of Elyvilon.
  4606 | D:5      | Reached skill level 10 in Maces & Flails
  4907 | D:6      | Reached skill level 10 in Fighting
  5259 | D:6      | Noticed Pikel
  5265 | D:6      | Killed Pikel
  5265 | D:6      | Reached skill level 11 in Fighting
  5265 | D:6      | Reached XP level 9. HP: 80/105 MP: 9/9
  5306 | D:6      | Found an iron altar of Okawaru.
  5361 | D:6      | HP: 3/105 [orc wizard/dagger of electrocution (3)]
  5647 | D:6      | Noticed Crazy Yiuf
  5652 | D:6      | Killed Crazy Yiuf
  6410 | D:7      | Reached skill level 12 in Fighting
  6843 | D:8      | Found Ovvufaom's Antique Weapon Emporium.
  6914 | D:8      | Gained mutation: You are resistant to hostile enchantments. [mutagenic meat]
  6915 | D:8      | Gained mutation: Your body sometimes deteriorates upon taking damage. [mutagenic meat]
  6916 | D:8      | Gained mutation: You are dopey. (Int -2) [mutagenic meat]
  6917 | D:8      | Gained mutation: Your magical capacity is low (-10% MP). [mutagenic meat]
  6918 | D:8      | Gained mutation: You can spit weak poison. [mutagenic meat]
  6919 | D:8      | Gained mutation: Scrolls take you a little longer to read. [mutagenic meat]
  6963 | D:8      | Reached XP level 10. HP: 116/118 MP: 9/9
  6970 | D:8      | Reached skill level 13 in Fighting
  7010 | D:8      | Reached **** piety under Trog
  7042 | D:8      | Found Izater's Antique Armour Emporium.
  7591 | D:8      | Found a staircase to the Lair.
  7680 | Lair:1   | Entered Level 1 of the Lair of Beasts
  7753 | Lair:1   | Reached skill level 14 in Fighting
  7760 | Lair:1   | HP: 3/122 [blink frog (18)]
  8130 | Lair:1   | Noticed a six-headed hydra
  8138 | Lair:1   | Killed a six-headed hydra
  8695 | Lair:1   | Reached skill level 1 in Throwing
  8706 | Lair:1   | Reached skill level 1 in Armour
  8706 | Lair:1   | Reached XP level 11. HP: 101/131 MP: 9/9
  8932 | Lair:1   | Reached ***** piety under Trog
  9667 | Lair:2   | HP: 1/131 [komodo dragon (14)]
  9671 | Lair:2   | Reached skill level 15 in Maces & Flails
 10243 | Lair:3   | Found a staircase to the Swamp.
 10252 | Lair:2   | HP: 7/196 [spiny frog (14)]
 10252 | Lair:2   | Slain by a vampire mosquito

Action                   |  1- 3 |  4- 6 |  7- 9 | 10-12 || total
-------------------------+-------+-------+-------+-------++-------
Melee: Mace              |   117 |    74 |       |       ||   191
       Giant spiked club |       |    80 |   199 |   203 ||   482
Throw: Large rock        |       |       |       |     4 ||     4
Invok: Berserk           |     1 |     1 |     4 |     4 ||    10
Evoke: Wand              |       |       |       |     6 ||     6
  Use: Scroll            |     4 |    12 |     8 |     4 ||    28
       Potion            |       |     1 |     3 |     6 ||    10
 Stab: Sleeping          |       |       |       |     1 ||     1
  Eat: Chunk             |     2 |     6 |    24 |    13 ||    45
       Fruit             |       |     1 |     4 |       ||     5
       Pizza             |       |       |     2 |       ||     2
